 Dungeon Crawl Stone Soup version 0.31-a0-983-g7b6862f502 (webtiles) character file.

Game seed: 7862779422558114424

18088 Dittersdorf the Protected (level 12, -6/80 HPs)
             Began as a Gargoyle Fighter on Nov 2, 2023.
             Was a High Priest of Okawaru.
             Mangled by a black mamba (11 damage)
             ... on level 1 of the Lair of Beasts.
             The game lasted 00:16:41 (13170 turns).

Dittersdorf the Protected (Gargoyle Fighter)       Turns: 13170, Time: 00:16:41

Health: -6/80      AC: 31    Str: 24    XL:     12   Next: 54%
Magic:  12/12      EV:  8    Int: 10    God:    Okawaru [*****.]
Gold:   700        SH:  7    Dex: 15    Spells: 11/11 levels left

rFire   . . .        f - +5 morningstar
rCold   . . .        c - +0 buckler
rNeg    + . .        u - +0 chain mail
rPois   ∞            r - +1 helmet
rElec   +            A - +1 cloak {Stlth+}
rCorr   .            o - +0 pair of gloves
SInv    .            (no boots)
Will    .....        (no amulet) Stlth
                     m - +4 ring of protection
HPRegen 0.33/turn    a - +6 ring of dexterity
MPRegen 0.13/turn

%: no passive effects
@: no status effects
A: sickness immunity, AC +8, negative energy resistance 1, electricity
resistance, torment resistance 1, petrification resistance
a: Renounce Religion, Heroism, Finesse, Duel


You were on level 1 of the Lair of Beasts.
You worshipped Okawaru.
Okawaru was extremely pleased with you.
You visited 2 branches of the dungeon, and saw 12 of its levels.

You collected 700 gold pieces.

Inventory:

Hand Weapons
 f - a +5 morningstar (weapon)
Armour
 c - a +0 buckler (worn)
 o - a +0 pair of gloves (worn)
 r - a +1 helmet (worn)
 u - a +0 chain mail (worn)
 A - a +1 cloak of stealth (worn)
Jewellery
 a - a +6 ring of dexterity (right hand)
 m - a +4 ring of protection (left hand)
 B - a ring of magical power
Wands
 s - a wand of digging (1)
 v - a wand of iceblast (11)
 y - a wand of flame (28)
Scrolls
 b - 3 scrolls of identify
 h - 2 scrolls of fear
 n - 4 scrolls of fog
 p - 3 scrolls of enchant armour
 x - 4 scrolls of teleportation
 C - a scroll of blinking
 D - a scroll of enchant weapon
 F - a scroll of silence
Potions
 d - a potion of might
 e - 3 potions of enlightenment
 g - 5 potions of curing
 i - 5 potions of haste
 j - 2 potions of mutation
 k - 2 potions of ambrosia
 q - 3 potions of invisibility
 t - a potion of brilliance
 z - a potion of berserk rage
 E - a potion of cancellation


   Skills:
 + Level 11.7 Fighting
 + Level 10.4 Maces & Flails
 + Level 11.7 Armour
 + Level 11.7 Shields


You had 11 spell levels left.
You didn't know any spells.
Your spell library contained the following spells:

 Spells                   Type           Power      Damage    Failure   Level
 Apportation              Tloc           0%         N/A       86%         1
 Jinxbite                 Hex            0%         N/A       95%         2
 Inner Flame              Hex/Fire       0%         N/A       99%         3
 Flame Wave               Conj/Fire      0%         2d4       100%        4
 Sticky Flame             Conj/Fire      0%         2d3       100%        4
 Alistair's Intoxication  Tmut/Pois      0%         N/A       100%        5


Dungeon Overview and Level Annotations

Branches:
Dungeon (11/15)            Temple (0/1) D:6            Lair (1/5) D:11
    Orc: D:9-12

Altars:
Ashenzari
Elyvilon
Fedhas
Gozag
Hepliaklqana
Kikubaaqudgha
Makhleb
Nemelex Xobeh
Okawaru
Ru
Trog
Uskayaw
Wu Jian
Yredelemnul
Zin

Shops:
D:6 (


Innate Abilities, Weirdness & Mutations

You are immune to sickness and miasma.
Your stone body is resilient. (AC +8)
You are immune to poison.
You resist negative energy. (rN+)
You are resistant to electric shocks. (rElec)
You are resistant to unholy torment.
You are immune to petrification.


Message History

The hell hound bites you but does no damage.
The komodo dragon bites you.
* * * LOW HITPOINT WARNING * * *
The black mamba bites you but does no damage.
The hell hound completely misses you.
Aiming: Corrosive Bolt
Press: ? - help, Q - select action, (/) - cycle Shift-Dir - straight line, f - komodo dragon
Aim: a komodo dragon (79% to hit)
The bolt of acid hits the komodo dragon!
The acid corrodes the komodo dragon!
The komodo dragon is moderately wounded.
You block the black mamba's attack.
The hell hound bites you but does no damage.
The komodo dragon bites you but does no damage.
You bludgeon the komodo dragon!!
You kill the komodo dragon!
Okawaru accepts your kill.
The black mamba bites you but does no damage.
The hell hound barely misses you. You block the black mamba's attack.
The hell hound bites you but does no damage.
The black mamba attacks as it pursues you!
The black mamba bites you but does no damage.
The hell hound breathes flames at you.
The blast of flame hits the hell hound.
The hell hound completely resists.
The blast of flame hits you!
* * * LOW HITPOINT WARNING * * *
You block the hell hound's attack.
The black mamba bites you but does no damage.
You see here a komodo dragon corpse.
You block the black mamba's attack. The hell hound completely misses you.
Aiming: Corrosive Bolt
Press: ? - help, Q - select action, (/) - cycle Shift-Dir - straight line, f - hell hound
Aim: a hell hound (catching its breath, 60% to hit)
The bolt of acid hits the hell hound!
The acid corrodes the hell hound!
The hell hound is moderately wounded.
The bolt of acid misses the hell hound.
The now-empty wand crumbles to dust.
The sentinel's mark upon you fades away.
The black mamba bites you but does no damage.
The black mamba bites you!
You die...

....#.#........#*,*,,**
..........(..P#***,,,,**
.........((..#* **,...*
###.#....P(..## *,*..##
######........# ***...##
######.....(..# *,....#
#######.......## **...$#
#####
###....#.#####...#*
##### ##....#.@.h.#..#
#.###** #.......hS.....#
.####~* #....#####.#...#
~.~.~,**##...# ###h..#
~≈~~~~,**#..?# #...#
≈≈≈~~~,,*#...# #...#
~≈≈≈≈≈~,~#...# *#...#
~~~~≈≈~~*#...# *....#
≈.>~≈~~~#....# *....#


You could see a black mamba and 2 hell hounds.

Vanquished Creatures
  Gastronok (D:7)
  The ghost of Honnehixisu the Basher, a journeyman GrFi of Okawaru (D:11)
  3 two-headed ogres
  Erica (D:8)
  Pikel (D:4)
  A cyclops (D:11)
  Maurice (D:8)
  Joseph (D:8)
  A rust devil (D:9)
  3 komodo dragons
  An orange demon (D:10)
  A gargoyle (D:9)
  A cane toad (Lair:1)
  An unseen horror (D:10)
  An ice devil (D:9)
  A troll (D:10)
  A hellwing (D:9)
  Sigmund (D:2)
  A wyvern (D:10)
  A wraith (D:11)
  Eustachio (D:4)
  33 yaks
  2 neqoxecs
  A human (D:6)
  A steam dragon (D:8)
  Duvessa (D:4)
  An orc warrior (D:9)
  2 black bears
  An ice beast (D:6)
  3 ogres
  3 centaurs
  2 phantoms (D:4)
  3 kobold brigands
  2 bullfrogs
  Blork the orc (D:4)
  2 gnoll sergeants
  3 scorpions
  Dowan (D:3)
  15 wights
  13 killer bees
  An electric eel (D:8)
  8 howler monkeys
  7 orc priests
  2 jellies
  3 iron imps (D:4)
  A sleepcap (D:7)
  2 iguanas
  5 orc wizards
  Robin (D:2)
  14 gnolls
  6 adders
  A shadow imp (D:5)
  2 white imps (D:8)
  2 ufetubi (D:6)
  A worm (D:2)
  2 dart slugs
  35 orcs
  5 bats
  7 endoplasms
  6 giant cockroaches
  15 goblins
  4 hobgoblins
  7 jackals
  19 kobolds
  4 quokkas
  7 ball pythons
  A frilled lizard (D:2)
  A jackal skeleton (D:6)
  A kobold skeleton (D:6)
  7 rats
292 creatures vanquished.

Vanquished Creatures (others)
  An orc wizard (D:8)
  2 orcs (D:8)
3 creatures vanquished.

Grand Total: 295 creatures vanquished

Notes
Turn   | Place    | Note
-------+----------+-------------------------------------------
     0 | D:1      | Dittersdorf the Gargoyle Fighter began the quest for the
                  | Orb.
     0 | D:1      | Reached XP level 1. HP: 14/14 MP: 1/1
   131 | D:1      | Reached XP level 2. HP: 12/19 MP: 2/2
   635 | D:2      | Reached XP level 3. HP: 22/23 MP: 3/3
   699 | D:2      | Noticed Sigmund
   712 | D:2      | Killed Sigmund
   713 | D:2      | Reached XP level 4. HP: 15/30 MP: 4/4
   713 | D:2      | Reached XP level 5. HP: 17/34 MP: 5/5
   879 | D:2      | Reached XP level 6. HP: 39/39 MP: 6/6
  1071 | D:2      | Noticed Robin
  1090 | D:2      | Killed Robin
  1598 | D:3      | Found a sparkling altar of Nemelex Xobeh.
  1634 | D:3      | Found an ornate altar of the Wu Jian Council.
  1903 | D:3      | Found an iron altar of Okawaru.
  1905 | D:3      | Found a runed translucent door.
  1910 | D:3      | Found the +0 toga "Victory" {*Victory Clar}
  1912 | D:3      | Became a worshipper of Warmaster Okawaru
  2402 | D:4      | Noticed Duvessa
  2406 | D:4      | Reached skill level 5 in Armour
  2407 | D:4      | Noticed Dowan
  2419 | D:4      | Killed Duvessa
  2420 | D:4      | Reached skill level 5 in Fighting
  2420 | D:4      | Reached skill level 5 in Shields
  2420 | D:4      | Reached XP level 7. HP: 20/44 MP: 7/7
  2552 | D:3      | Killed Dowan
  2595 | D:4      | Found a white marble altar of Elyvilon.
  2730 | D:4      | Reached * piety under Okawaru
  3019 | D:4      | Noticed Eustachio
  3060 | D:4      | Killed Eustachio
  3061 | D:4      | Reached XP level 8. HP: 27/51 MP: 8/8
  3171 | D:4      | Found a burning altar of Makhleb.
  3364 | D:4      | Noticed Pikel
  3388 | D:4      | Killed Pikel
  3388 | D:4      | Reached ** piety under Okawaru
  3389 | D:4      | Reached skill level 5 in Maces & Flails
  3520 | D:4      | Noticed Blork the orc
  3529 | D:4      | Killed Blork the orc
  3868 | D:5      | Entered Level 5 of the Dungeon
  4099 | D:5      | HP: 2/52 [orc priest/divine providence (10)]
  4742 | D:6      | Reached XP level 9. HP: 56/56 MP: 9/9
  4888 | D:5      | Reached *** piety under Okawaru
  5096 | D:6      | Found Ulod Lai's Antique Weapon Shop.
  5247 | D:6      | Found a glowing silver altar of Zin.
  5443 | D:6      | Found a runed translucent door.
  5447 | D:6      | Found a basalt altar of Yredelemnul.
  5799 | D:6      | Found an opulent altar of Gozag.
  5926 | D:6      | Found a staircase to the Ecumenical Temple.
  5928 | D:6      | Found a faded altar of an unknown god.
  6015 | D:7      | Found a sacrificial altar of Ru.
  6130 | D:7      | Found an ancient bone altar of Kikubaaqudgha.
  6890 | D:3      | Reached **** piety under Okawaru
  6892 | D:3      | Reached XP level 10. HP: 38/64 MP: 10/10
  7206 | D:8      | Noticed Gastronok
  7226 | D:7      | Killed Gastronok
  7487 | D:8      | Noticed Erica
  7499 | D:8      | Reached ***** piety under Okawaru
  7508 | D:8      | Killed Erica
  7660 | D:8      | Found a blossoming altar of Fedhas.
  8211 | D:8      | Noticed Joseph
  8263 | D:8      | Killed Joseph
  8264 | D:8      | Reached XP level 11. HP: 62/72 MP: 11/11
  8319 | D:8      | Noticed Maurice
  8326 | D:8      | Something stole a ring of magical power
  8333 | D:8      | Killed Maurice
  8333 | D:8      | Received a gift from Okawaru
  8709 | D:9      | Found a broken altar of Ashenzari.
  8959 | D:9      | Noticed a two-headed ogre
  8966 | D:9      | Killed a two-headed ogre
  8967 | D:9      | Reached skill level 10 in Fighting
  8967 | D:9      | Reached skill level 10 in Armour
  8967 | D:9      | Reached skill level 10 in Shields
  9074 | D:9      | Found a hide-covered altar of Uskayaw.
  9328 | D:9      | Found a faded altar of an unknown god.
  9329 | D:9      | Found a hazy altar of Hepliaklqana.
  9777 | D:9      | Found a bloodstained altar of Trog.
 10235 | D:10     | Entered Level 10 of the Dungeon
 10523 | D:10     | Received a gift from Okawaru
 11370 | D:9      | Reached XP level 12. HP: 42/79 MP: 12/12
 11703 | D:11     | Identified the +2 ring mail of Dowdy Salvation {-Cast
                  | *Corrode Str+8 Dex+6}
 11831 | D:11     | Noticed a two-headed ogre
 11840 | D:11     | Killed a two-headed ogre
 11840 | D:11     | Received a gift from Okawaru
 11841 | D:11     | Reached skill level 10 in Maces & Flails
 12164 | D:11     | Found a staircase to the Lair.
 12285 | D:11     | Found a runed translucent door.
 12290 | D:11     | Noticed Honnehixisu's ghost (journeyman GrFi)
 12453 | D:11     | Noticed a two-headed ogre
 12459 | D:11     | Killed a two-headed ogre
 12951 | D:11     | Killed Honnehixisu's ghost
 13004 | Lair:1   | Entered Level 1 of the Lair of Beasts
 13170 | Lair:1   | Mangled by a black mamba

Illustrated notes

Levels and vault maps discovered:
D:1:      mainiacjoe_arrival_oval_in_oval, layout_basic
D:2:      layout_basic, uniq_robin, uniq_sigmund
D:3:      layout_basic, nemelex_altar_shiori,
          nicolae_overflow_guarded_unrand_okawaru_victory,
          nicolae_wu_jian_wuxing_cycle
D:4:      layout_basic, demons_altar, mainiacjoe_overflow_concentric_impassable,
          uniq_pikel, uniq_duvessa, uniq_blork_the_orc, uniq_eustachio
D:5:      layout_rooms
D:6:      layout_cave_pools, pdpol_temple_overflow_zin_treasury_gozag_greed,
          dk_yredelemnul_ordeal, nicolae_temple_entry_ecumenical, serial_shops,
          nicolae_shop_getting_attention, serial_co_window_serial,
          co_window_paths_a, co_window_of_opportunity_a, co_window_paths_b,
          co_window_paths_a, co_window_of_opportunity_a, co_window_2corner,
          co_window_cross_3, co_window_cross_2, co_window_broadway_b,
          co_window_broadway_c, co_window_unsneaky_path_b, co_window_paths_d,
          glass_columns_a, glass_columns_c
D:7:      layout_basic, kiku_gazebo_pond_becter, mainiacjoe_overflow_paths
D:8:      layout_cave_pools, kennysheep_mini, kennysheep_cluttered_room,
          uniq_joseph, uniq_erica, uniq_gastronok, uniq_maurice
D:9:      layout_stronghold, mainiacjoe_overflow_brackets,
          nicolae_uskayaw_murder_on_the_dancefloor, trog_butcher_becter,
          beargit_hepliaklqana_dungeon_heroes
D:10:     layout_roguey, nicolae_neqoxec_dot_bat
D:11:     layout_layer_cave, lair_entry_dummy, hellmonk_ghost_happy_afterlife,
          minivault_25
Lair:1:   layout_concentric_octagons, enter_volcano_3, lemuel_fruit_tree,
          infiniplex_staircase_pool_2

Skill      XL: |  1  2  3  4  5  6  7  8  9 10 11 12 |
---------------+-------------------------------------+-----
Fighting       | 4 5 6 8 9 10 11 | 11.7
Maces & Flails | 3 4 5 7 8 9 10 | 10.4
Armour         | 4 5 7 8 9 11 | 11.7
Shields        | 4 5 6 8 9 11 | 11.7

Action                     |  1- 3 |  4- 6 |  7- 9 | 10-12 || total
---------------------------+-------+-------+-------+-------++-------
  Melee: Flail             |   110 |   222 |   310 |       ||   642
         Morningstar       |       |       |    88 |   565 ||   653
  Throw: Dart              |       |       |     5 |     5 ||    10
 Invoke: Heroism           |       |       |       |     4 ||     4
  Evoke: Wand              |       |       |       |     7 ||     7
    Use: Scroll            |       |       |    20 |    10 ||    30
 Armour: Scale mail        |    85 |   198 |   402 |   225 ||   910
         Chain mail        |       |       |       |   263 ||   263
  Dodge: Dodged            |    67 |   121 |   218 |   203 ||   609
  Block: Buckler           |    29 |    65 |   117 |   164 ||   375

Table legend: (Time is in decaauts)
 A = Elapsed time spent in this place.
 B = Non-inter-level travel time spent in this place.
 C = Inter-level travel time spent in this place.
 D = Time resting spent in this place.
 E = Time spent auto-exploring this place.
 F = Levels seen in this place.
 G = Mean time per level.
                   A        B        C        D        E       F      G
               +--------+--------+--------+--------+--------+-----+--------+
         Total |  13387 |  12562 |    825 |   2059 |   7555 |  12 | 1115.6 |
       Dungeon |  13221 |  12396 |    825 |   2057 |   7555 |  11 | 1201.9 |
          Lair |    165 |    165 |      0 |      2 |      0 |   1 |  165.0 |
               +--------+--------+--------+--------+--------+-----+--------+

Top non-repeatable levels by time:
     D:9: 1954 daAuts
     D:4: 1531 daAuts
     D:3: 1331 daAuts
    D:11: 1303 daAuts
     D:7: 1212 daAuts
     D:6: 1154 daAuts
     D:8: 1058 daAuts
    D:10: 1054 daAuts
     D:5: 1051 daAuts
     D:2: 925 daAuts
     D:1: 643 daAuts
  Lair:1: 165 daAuts
